 Dungeon Crawl Stone Soup version 0.21.1 (webtiles) character file.

575 rel the Slicer (level 7, -5/66 HPs)
             Began as a Kobold Berserker on Feb 3, 2018.
             Was a Priest of Trog.
             Killed by divine providence
             ... invoked by an orc priest
              (14 damage)
             ... on level 4 of the Dungeon.
             The game lasted 00:11:00 (2110 turns).

rel the Slicer (Kobold Berserker)                   Turns: 2110, Time: 00:11:00

Health: -5/66      AC:  6    Str: 19    XL:     7   Next: 61%
Magic:  7/7        EV: 17    Int:  8    God:    Trog [***...]
Gold:   123        SH:  0    Dex: 17    Spells: 6/6 levels left

rFire    . . .     SeeInvis .   f - +2 dagger (elec)
rCold    . . .     Gourm    .   (shield restricted)
rNeg     . . .     Faith    .   b - +1 animal skin
rPois    .         Spirit   .   (no helmet)
rElec    .         Reflect  .   (no cloak)
rCorr    .         Harm     .   (no gloves)
MR       .....                  n - +2 pair of boots {run}
Stlth    ..........             (no amulet)
HPRegen  0.21/turn              (no ring)
MPRegen  0.10/turn              (no ring)

@: berserking, very quick
A: small, carnivore
a: Berserk, Trog's Hand, Burn Spellbooks, Renounce Religion


You were on level 4 of the Dungeon.
You worshipped Trog.
Trog was most pleased with you.
You were full.

You visited 1 branch of the dungeon, and saw 4 of its levels.

You collected 123 gold pieces.

Inventory:

Hand Weapons
 a - a +0 short sword
 f - a +2 dagger of electrocution (weapon)
 p - a +2 short sword of speed
Armour
 b - a +1 animal skin (worn)
 n - a +2 pair of boots of running (worn)
 q - a +1 chain mail
Jewellery
 k - an uncursed ring of fire
 l - an uncursed amulet of the gourmand {unknown}
 s - an uncursed ring of protection from cold {unknown}
 v - an uncursed ring of stealth {unknown}
Potions
 e - a potion of haste
 g - a potion of flight {unknown}
 h - a potion of agility
 i - a potion of degeneration {unknown}
 j - a potion of lignification {unknown}
 m - a potion of curing {unknown}
 o - 3 potions of heal wounds
 r - a potion of brilliance {unknown}
 t - a potion of cancellation {unknown}
 u - 2 potions of might {unknown}
Comestibles
 c - 2 rations


   Skills:
 + Level 4.3 Fighting
 * Level 8.4 Short Blades
 + Level 0.2 Throwing
 + Level 1.7 Armour
 + Level 4.6 Dodging
 + Level 3.5 Stealth


You had 6 spell levels left.
You didn't know any spells.

Dungeon Overview and Level Annotations

Branches:
Dungeon (4/15)
 Temple: D:4-7

Altars:
Dithmenos
Makhleb
Okawaru
Vehumet


Innate Abilities, Weirdness & Mutations

You are small and have problems with some larger weapons.
You are carnivorous and can eat meat at any time.


Message History

Beogh smites you!
* * * LOW HITPOINT WARNING * * *
The orc priest struggles against the net.
The orc priest casts a cantrip, but nothing happens.
You hit the ogre. Lightning courses through the ogre!
You kill the ogre!
Trog accepts your kill.
Your Short Blades skill increases to level 8!
You barely miss the orc priest. You puncture the orc priest!
Lightning courses through the orc priest!
You kill the orc priest!
Trog accepts your kill.
You puncture the orc priest!
The orc priest is heavily wounded.
You closely miss the orc priest.
The orc priest is heavily wounded.
The orc priest calls down the wrath of Beogh upon you.
Beogh smites you!
You die...

#.........# #.........#
......... ....... .....
.o. #o# #### ####@# # #...
######....# .#####...
#......##########...#.....
#......# #........#.#.#...
#......# +..........#.....
#......# #............#...
#......# +........[.#.##..
#.....## #..........#.#.##
#.....####........###.#...


You could see 2 orc priests.

Vanquished Creatures
  Purgy (D:4)
  A phantom (D:4)
  2 ogres
  An orc priest (D:4)
  A hound (D:3)
  An orc wizard (D:3)
  4 adders
  3 leopard geckos
  15 orcs
  3 bats (D:2)
  4 giant cockroaches
  9 goblins
  10 hobgoblins
  4 jackals (D:3)
  7 kobolds
  2 quokkas (D:2)
  A ball python (D:4)
  2 frilled lizards
  2 rats
73 creatures vanquished.

Notes
Turn   | Place    | Note
-------+----------+-------------------------------------------
     0 | D:1      | rel the Kobold Berserker began the quest for the Orb.
     0 | D:1      | Reached XP level 1. HP: 14/14 MP: 1/1
   153 | D:1      | Reached XP level 2. HP: 6/19 MP: 2/2
   523 | D:1      | You fall through a shaft!
   609 | D:2      | Reached XP level 3. HP: 18/23 MP: 3/3
   655 | D:2      | Identified a +2 pair of boots of running (You found it on level 2 of the Dungeon)
   859 | D:2      | Reached ** piety under Trog
   920 | D:2      | Found a radiant altar of Vehumet.
   921 | D:2      | Found a burning altar of Makhleb.
   972 | D:2      | Reached skill level 5 in Short Blades
   985 | D:2      | Reached XP level 4. HP: 10/29 MP: 4/4
  1029 | D:3      | Found a shadowy altar of Dithmenos.
  1224 | D:3      | Reached skill level 1 in Stealth
  1422 | D:3      | Found an iron altar of Okawaru.
  1449 | D:3      | Reached XP level 5. HP: 29/33 MP: 5/5
  1722 | D:3      | Noticed an ogre
  1734 | D:3      | Killed an ogre
  1734 | D:3      | Reached skill level 6 in Short Blades
  1736 | D:3      | Reached XP level 6. HP: 38/38 MP: 6/6
  1844 | D:3      | Found a burning altar of Makhleb.
  1848 | D:3      | Reached skill level 7 in Short Blades
  1938 | D:4      | Noticed a phantom
  1974 | D:4      | Killed a phantom
  2007 | D:4      | Noticed Purgy
  2021 | D:4      | Killed Purgy
  2021 | D:4      | Reached XP level 7. HP: 35/43 MP: 7/7
  2106 | D:4      | Reached skill level 8 in Short Blades
  2108 | D:4      | Reached *** piety under Trog
  2110 | D:4      | Killed from afar by an orc priest

Skill      XL: |  1  2  3  4  5  6  7 |
---------------+----------------------+-----
Short Blades   | 5 6 7 8 |  8.4
Dodging        | 3 4 |  4.6
Stealth        | 1 2 3 |  3.5
Fighting       | 4 |  4.3
Throwing       | |  0.2
Armour         | |  1.7

Action                   |  1- 3 |  4- 6 |  7- 9 || total
-------------------------+-------+-------+-------++-------
Melee: Dagger            |   113 |   127 |    16 ||   256
       Short sword       |     2 |       |       ||     2
Throw: Throwing net      |       |     1 |     2 ||     3
Invok: Berserk           |     2 |     1 |     1 ||     4
  Use: Scroll            |     3 |     3 |       ||     6
       Potion            |       |     4 |       ||     4
 Stab: Sleeping          |     2 |     2 |       ||     4
       Held in net/web   |       |     1 |     1 ||     2
  Eat: Chunk             |     9 |     4 |       ||    13
Armor: Animal skin       |    18 |    20 |     2 ||    40
Dodge: Dodged            |    65 |    69 |     3 ||   137
